 Dungeon Crawl Stone Soup version 0.20.0-8-g6b59dc7 (webtiles) character file.

49 Ketharn the Magician (level 3, 0/19 HPs)
             Began as a Deep Elf Wizard on May 30, 2017.
             Slain by a gnoll (3 damage)
             ... on level 2 of the Dungeon.
             The game lasted 00:13:21 (1689 turns).

Ketharn the Magician (Deep Elf Wizard)              Turns: 1689, Time: 00:13:22

Health: 0/19       AC:  2    Str:  4    XL:     3   Next: 51%
Magic:  0/12       EV: 13    Int: 23    God:
Gold:   63         SH:  0    Dex: 13    Spells: 10/13 levels left

rFire    . . .     SeeInvis .   e - +2 short sword (speed)
rCold    . . .     Gourm    .   (no shield)
rNeg     . . .     Faith    .   a - +0 robe
rPois    .         Spirit   .   b - +0 hat
rElec    .         Reflect  .   (no cloak)
rCorr    .         Harm     .   (no gloves)
MR       .....                  (no boots)
Stlth    ++........             (no amulet)
Regen    0.1/turn               (no ring)
MPRegen  0.2/turn               (no ring)

@: no status effects
A: no striking features
a: no special abilities


You were on level 2 of the Dungeon.
You were not hungry.

You visited 1 branch of the dungeon, and saw 2 of its levels.

You collected 63 gold pieces.

Inventory:

Hand Weapons
 e - a +2 short sword of speed (weapon)
Armour
 a - a +0 robe (worn)
 b - a +0 hat (worn)
 i - a +0 scale mail
Scrolls
 f - a scroll of teleportation {unknown}
 g - 3 scrolls of remove curse
 h - a scroll of enchant armour {unknown}
 n - a scroll of identify {unknown}
Potions
 j - a potion of heal wounds {unknown}
 k - a potion of resistance {unknown}
 l - a potion of brilliance {unknown}
Books
 c - a book of Minor Magic

   Spells                             Type                      Level
   a - Magic Dart                     Conjuration                  1
   b - Blink                          Translocation                2
   c - Call Imp                       Summoning                    2
   d - Slow                           Hexes                        2
   e - Conjure Flame                  Conjuration/Fire             3
   f - Mephitic Cloud                 Conjuration/Poison/Air       3
Comestibles
 d - a bread ration
 m - 2 royal jellies


   Skills:
 * Level 0.2 Short Blades
 + Level 2.8 Dodging
 + Level 2.7 Stealth
 + Level 5.6 Spellcasting
 + Level 1.3 Conjurations
 + Level 1.5 Summonings
   Level 1.1 Translocations


You had 10 spell levels left.
You knew the following spells:

 Your Spells              Type           Power        Failure   Level  Hunger
a - Magic Dart            Conj           ##..         4%          1    None
b - Call Imp              Summ           ##......     7%          2    None


Dungeon Overview and Level Annotations

Branches:
Dungeon (2/15)

Altars:


Message History

The gnoll hits you.
* * * LOW HITPOINT WARNING * * *
Casting: Magic Dart
Confirm with . or Enter, or press ? or * to list all spells.
Aiming: Magic Dart
Press: ? - help, Shift-Dir - straight line, f/p - gnoll
Aim: a gnoll (heavily wounded)
The magic dart hits the gnoll.
The gnoll is severely wounded.
The gnoll hits you but does no damage.
Casting: Magic Dart
Confirm with . or Enter, or press ? or * to list all spells.
Aiming: Magic Dart
Press: ? - help, Shift-Dir - straight line, f/p - gnoll
Aim: a gnoll (severely wounded)
The magic dart hits the gnoll.
The gnoll is severely wounded.
The gnoll barely misses you. The gnoll hits you.
You die...

#.# #.# #.# #.#
#.#######
####.......####### #
.######.................
..
.........g.#####)#######
#. .######.##@#####.####
#. #.............######.
#>...................
#..#.#.#.#........#..
#..#.#.#.##.......#..
#....).#...........#.
#....######........#.
#....#........####.#.
......#.####.### #.##


You could see a gnoll.

Vanquished Creatures
  A dart slug (D:2)
  A leopard gecko (D:1)
  2 giant cockroaches (D:1)
  3 goblins (D:2)
  3 hobgoblins (D:1)
  3 bats (D:1)
  5 frilled lizards
  5 kobolds (D:1)
  5 rats (D:1)
28 creatures vanquished.

Vanquished Creatures (collateral kills)
  2 gnolls (D:2)
  A leopard gecko (D:1)
  A giant cockroach (D:2)
  2 jackals (D:2)
  A bat (D:2)
  2 goblins
  2 kobolds (D:1)
  A rat (D:1)
12 creatures vanquished.

Grand Total: 40 creatures vanquished

Notes
Turn   | Place    | Note
-------+----------+-------------------------------------------
     0 | D:1      | Ketharn the Deep Elf Wizard began the quest for the Orb.
     0 | D:1      | Reached XP level 1. HP: 10/10 MP: 7/7
   425 | D:1      | Reached XP level 2. HP: 15/15 MP: 7/9
   440 | D:1      | Reached skill level 5 in Spellcasting
   455 | D:1      | Learned a level 2 spell: Call Imp
  1269 | D:2      | Noticed a spatial vortex
  1275 | D:2      | Reached XP level 3. HP: 16/19 MP: 4/11
  1689 | D:2      | Slain by a gnoll

Skill      XL: |  1  2 |
---------------+-------+-----
Spellcasting   | 5 |  5.6
Short Blades   | |  0.2
Dodging        | |  2.8
Stealth        | |  2.7
Conjurations   | |  1.3
Summonings     | |  1.5
Translocations | |  1.1

Action                   || total
-------------------------++-------
Melee: Unarmed           ||     1
       Short sword       ||    51
 Cast: Magic Dart        ||    38
       Call Imp          ||    29
  Use: Scroll            ||     2
  Eat: Bread ration      ||     1
Armor: Scale mail        ||     4
       Robe              ||     8
Dodge: Dodged            ||    44
